Map: 2000 Atmospheres LE

Players

Serral - Winner!

  • Race: Zerg Zerg

Bunny

  • Race: Terran Terran

Event: TSL 8

VOD

Have the link to the VOD?

Description

Time

  • Played on: Dec. 5, 2021, 6:54 a.m.
  • Length: 12:44

All games in this series

Show
View Real Time Build Order
Export as new Build Order

Serral Zerg - Winner!

Build Orders: Hatch First 

Get SALT Encoding   

  12  0:00  Drone  
  13  0:12  Overlord  
  13  0:17  Drone  
  14  0:30  Drone x2  
  16  0:47  Hatchery  
  15  0:51  Drone  
  15  0:55  Drone  
  17  0:57  Drone  
  18  1:09  Extractor  
  17  1:13  Spawning Pool  
  17  1:16  Drone  
  17  1:19  Drone  
  18  1:28  Drone  
  19  1:38  Drone  
  20  1:49  Drone  
  21  2:00  Queen x2  
  25  2:01  Zergling x4  
  27  2:10  Overlord  
  27  2:19  Hatchery  
  27  2:21  Drone  
  27  2:25  Drone  
  28  2:32  Drone x3  
  28  2:37  Metabolic Boost  
  31  2:45  Queen  
  31  2:49  Overlord  
  33  2:52  Drone  
  33  2:54  Drone  
  33  2:56  Drone  
  36  3:03  Overlord  
  36  3:08  Drone  
  36  3:09  Drone x3  
  40  3:15  Queen  
  40  3:17  Drone  
  43  3:23  Queen  
  45  3:27  Drone x2  
  45  3:29  Drone  
  45  3:34  Queen  
  48  3:35  Drone  
  48  3:40  Overlord  
  51  3:44  Drone x2  
  51  3:47  Drone x3  
  56  3:52  Queen  
  58  3:56  Overlord  
  58  3:58  Overlord  
  58  4:03  Queen  
  58  4:06  Zergling x4  
  58  4:07  Zergling x2  
  58  4:08  Zergling x2  
  64  4:12  Drone  
  64  4:13  Drone  
  64  4:14  Overlord  
  64  4:16  Drone  
  67  4:17  Drone  
  67  4:18  Drone  
  69  4:24  Queen  
  69  4:25  Baneling Nest  
  70  4:32  Zergling x2  
  70  4:33  Zergling x4  
  70  4:35  Overlord  
  70  4:37  Drone x2  
  75  4:39  Drone  
  75  4:41  Queen  
  75  4:42  Overlord  
  75  4:43  Drone  
  79  4:46  Queen  
  79  4:51  Extractor, Spore Crawler, Overlord  
  79  4:55  Zergling x4  
  81  5:10  Zergling x2  
  81  5:11  Zergling x2  
  81  5:13  Drone x11  
  91  5:19  Drone x2  
  91  5:20  Drone x2  
  92  5:21  Lair  
  92  5:23  Extractor x2  
  92  5:24  Drone x2  
  89  5:29  Drone  
  89  5:34  Drone  
  89  5:35  Drone  
  92  5:38  Drone  
  92  5:42  Hatchery, Extractor  
  92  5:43  Evolution Chamber x2  
  92  5:46  Drone x2  
  92  5:50  Drone  
  92  5:52  Drone x3  
  92  5:53  Spore Crawler  
  94  5:57  Overlord x2  
  94  6:03  Zergling x2  
  94  6:04  Zergling x4  
  97  6:06  Baneling x2  
  97  6:07  Baneling x2  
  97  6:09  Zerg Ground Armor Level 1, Zerg Melee Weapons Level 1  
  97  6:10  Zergling x12  
  103  6:13  Zergling x2  
  104  6:20  Centrifugal Hooks  
  104  6:21  Overseer  
  104  6:22  Zergling x4  
  106  6:32  Zergling x10  
  111  6:36  Pneumatized Carapace  
  111  6:44  Overseer x2  
  111  6:46  Zergling x16  
  118  6:50  Spore Crawler  
  116  7:03  Drone x7  
  116  7:07  Drone x5  
  116  7:08  Drone x3  
  126  7:14  Drone  
  127  7:16  Overseer  
  127  7:20  Overlord  
  127  7:26  Spore Crawler  
  127  7:28  Overlord  
  127  7:29  Drone  
  127  7:31  Drone  
  127  7:34  Overlord  
  127  7:37  Overlord  
  127  7:38  Drone  
  127  7:40  Drone x3  
  127  7:41  Drone  
  130  7:49  Zergling x14, Spore Crawler  
  130  7:50  Hydralisk Den  
  130  7:55  Zergling x4  
  130  7:57  Baneling x8  
  130  8:04  Zerg Ground Armor Level 2, Zerg Melee Weapons Level 2  
  124  8:05  Drone  
  124  8:06  Drone x3  
  127  8:14  Zergling x8  
  123  8:20  Zergling x2  
  123  8:26  Drone x3  
  123  8:27  Grooved Spines  
  123  8:28  Baneling x14  
  123  8:30  Drone x2  
  123  8:31  Drone  
  126  8:36  Drone  
  126  8:38  Zergling x2  
  126  8:39  Zergling x2  
  126  8:41  Baneling x3  
  129  8:42  Zergling x4  
  124  8:50  Zergling x10  
  124  9:00  Zergling x8  
  111  9:03  Zergling x6  
  111  9:09  Drone x3, Extractor  
  116  9:10  Infestation Pit, Drone x3  
  116  9:11  Hydralisk x4  
  116  9:15  Hatchery  
  125  9:17  Baneling x9  
  125  9:20  Zergling x8  
  129  9:27  Baneling x8  
  129  9:28  Hydralisk x3  
  135  9:32  Overlord  
  135  9:33  Overlord  
  135  9:37  Hydralisk x2, Zergling x2  
  135  9:38  Zergling x14, Muscular Augments  
  147  9:43  Zergling x8  
  147  9:45  Spore Crawler  
  150  9:47  Hive  
  150  9:49  Extractor  
  148  9:53  Extractor  
  148  9:56  Drone x3  
  148  9:57  Drone x2  
  150  10:08  Zergling x24  
  160  10:16  Zergling x10  
  160  10:19  Overlord x2  
  165  10:24  Baneling x10  
  165  10:26  Zerg Missile Weapons Level 1  
  165  10:31  Burrow  
  165  10:33  Hydralisk x6  
  177  10:36  Zergling x6  
  177  10:38  Drone  
  179  10:43  Lurker Den  
  179  10:45  Zergling x12  
  184  10:50  Overlord x2  
  166  10:58  Zergling x12  
  166  11:00  Zergling x4  
  163  11:05  Zergling x2  
  163  11:06  Zergling x16  
  163  11:09  Baneling x6  
  172  11:12  Zergling x6  
  172  11:18  Zergling x14  
  172  11:19  Overseer  
  172  11:22  Viper x2  
  177  11:26  Hydralisk Den, Zergling x4  
  169  11:33  Zergling x2  
  169  11:34  Zergling x6  
  172  11:40  Zergling x18  
  172  11:44  Zergling x8  
  182  11:50  Zergling x8  
  184  11:56  Baneling x15  
  184  11:58  Zergling x4  
  185  12:03  Drone x2, Spore Crawler  
  185  12:04  Drone x2  
  184  12:11  Zergling x6  
  184  12:14  Zergling x6  
  176  12:15  Zergling x2  
Show
View Real Time Build Order
Export as new Build Order

Bunny Terran 

Build Orders: Command Center First (CC), Hellion Opening 

Get SALT Encoding   

  12  0:00  SCV  
  13  0:12  SCV  
  14  0:17  Supply Depot  
  14  0:24  SCV  
  15  0:38  SCV  
  16  0:51  SCV  
  17  0:58  Command Center  
  17  1:03  SCV  
  18  1:11  Barracks  
  18  1:15  SCV  
  19  1:20  Refinery  
  19  1:27  SCV  
  19  1:30  Refinery  
  20  1:39  SCV  
  21  1:51  SCV  
  22  1:58  Marine  
  23  2:03  Orbital Command  
  23  2:11  Orbital Command  
  23  2:15  Factory  
  23  2:18  Barracks Reactor  
  24  2:30  SCV  
  24  2:36  Supply Depot  
  24  2:37  SCV  
  24  2:42  SCV  
  26  2:49  SCV  
  27  2:54  SCV  
  28  3:00  Starport  
  28  3:01  SCV  
  28  3:05  Hellion x2, Barracks Tech Lab  
  33  3:06  SCV  
  34  3:13  Supply Depot, SCV  
  34  3:19  SCV  
  36  3:24  Marauder  
  36  3:26  SCV  
  43  3:28  Hellion x2  
  43  3:32  SCV  
  44  3:35  Supply Depot  
  44  3:36  Viking  
  44  3:38  SCV  
  47  3:44  SCV  
  47  3:46  Marauder  
  50  3:49  Hellion  
  50  3:51  Hellion  
  54  3:57  SCV x2  
  54  3:59  Supply Depot  
  54  4:02  Concussive Shells  
  56  4:05  Armory  
  56  4:07  Medivac  
  58  4:10  Marauder  
  58  4:16  Hellion  
  62  4:20  SCV x2  
  62  4:22  Hellion  
  62  4:23  Supply Depot  
  66  4:32  SCV x2  
  68  4:45  Command Center  
  68  4:50  Factory, Starport Reactor  
  68  4:54  Refinery x2  
  68  4:55  Hellion  
  70  5:03  SCV x2  
  70  5:06  Marine  
  59  5:17  SCV x2  
  59  5:19  Drilling Claws  
  59  5:20  Widow Mine  
  50  5:26  Supply Depot  
  49  5:29  SCV x2  
  49  5:33  Barracks Tech Lab  
  49  5:35  Widow Mine x2  
  55  5:41  SCV x2  
  57  5:43  Medivac x2  
  57  5:44  Widow Mine  
  63  5:52  Marine  
  63  5:53  SCV x2  
  63  5:54  Stimpack  
  63  5:56  Widow Mine x2  
  70  6:02  Barracks  
  70  6:05  SCV x2  
  70  6:06  Barracks  
  72  6:12  Widow Mine  
  72  6:17  SCV x2  
  72  6:18  Widow Mine  
  78  6:22  Widow Mine  
  78  6:23  Orbital Command  
  80  6:29  SCV  
  80  6:30  SCV  
  80  6:31  Marine  
  83  6:34  Engineering Bay x2  
  83  6:37  Widow Mine, Medivac x2  
  83  6:39  Widow Mine  
  91  6:43  Widow Mine  
  93  6:47  Supply Depot, Orbital Command  
  93  7:09  Widow Mine x3, SCV x2  
  93  7:14  Barracks Reactor x2  
  101  7:16  Supply Depot x2  
  101  7:20  Marine  
  101  7:21  SCV  
  101  7:24  SCV x2  
  101  7:25  Medivac  
  101  7:29  Medivac  
  101  7:31  Terran Infantry Weapons Level 1, Terran Infantry Armor Level 1  
  101  7:34  SCV, Barracks  
  101  7:35  Barracks  
  101  7:36  SCV  
  101  7:39  Widow Mine  
  101  7:40  Widow Mine x2, Marine  
  106  7:48  SCV  
  106  7:49  SCV  
  104  7:52  Marine x4  
  105  8:01  Siege Tank  
  104  8:06  Widow Mine x2  
  104  8:11  Orbital Command  
  102  8:19  Marine x5  
  89  8:23  SCV x2  
  92  8:27  Barracks Reactor x2  
  92  8:29  Barracks  
  92  8:30  Barracks  
  92  8:31  Barracks  
  92  8:33  Supply Depot  
  92  8:35  SCV  
  92  8:36  Supply Depot  
  92  8:38  Widow Mine x3, SCV  
  92  8:39  Orbital Command  
  92  8:41  Supply Depot  
  101  8:47  SCV, Marine x3  
  101  8:48  Marine  
  106  8:50  SCV  
  99  9:02  SCV x2  
  90  9:03  Marine  
  90  9:04  Marine x2  
  90  9:06  SCV  
  90  9:08  Marine x5  
  90  9:09  Marine  
  100  9:14  SCV x2  
  100  9:15  Medivac  
  104  9:17  Medivac  
  104  9:21  Barracks Tech Lab, Marine x2  
  104  9:22  Barracks Tech Lab x2  
  108  9:27  Widow Mine x2  
  114  9:32  Marine x5  
  114  9:34  Marine  
  120  9:42  Marauder  
  120  9:43  Marauder x2  
  126  9:48  Widow Mine x2  
  126  9:49  Terran Infantry Weapons Level 2, Widow Mine  
  126  9:50  Terran Infantry Armor Level 2  
  130  9:59  Marine  
  126  10:00  Marine x6  
  132  10:07  Marauder x2  
  132  10:10  Marauder x2, Widow Mine  
  132  10:11  Medivac x2  
  132  10:12  Marine  
  125  10:17  Marine  
  125  10:18  Widow Mine x2  
  130  10:22  Supply Depot  
  130  10:23  Marine x2  
  132  10:34  Marauder x2  
  136  10:37  Marine x4  
  136  10:41  Marine  
  141  10:44  Marine  
  141  10:47  Supply Depot  
  144  10:50  Marauder  
  119  11:02  Marine  
  119  11:03  Marine x4  
  119  11:04  Marine x4  
  125  11:17  Marauder  
  125  11:18  Marauder x2  
  114  11:20  Marine x3  
  114  11:24  Marine x2  
  101  11:34  Marine x4  
  101  11:38  Marine x2  
  103  11:46  Marine x3  
  98  11:50  Marine x3  
  98  11:51  Marine  
  98  11:52  Marine  
  98  11:56  Marauder  
  100  12:01  Marine  
  100  12:02  Marine x2  
  100  12:05  Medivac  
  105  12:11  Marine x3  
Tags
 
Add a new tag
Caveats
  • Supply blocks, unpowered buildings, or Contaminate may cause inaccurate times.
  • Supply counts are checked every 10 seconds.